 Dungeon Crawl Stone Soup version 0.17.0-18-gaab0e96 (console) character file.

139198 tatsujin the Devastator (level 17, -4/112 HPs)
             Began as a Tengu Venom Mage on Nov 11, 2015.
             Was the Champion of Ru.
             Killed from afar by a gargoyle (20 damage)
             ... with a stone arrow
             ... on level 13 of the Dungeon.
             The game lasted 02:10:44 (45949 turns).

tatsujin the Devastator (Tengu Venom Mage)         Turns: 45949, Time: 02:10:44

Health: -4/112     AC: 12    Str: 11    XL:     17   Next: 28%
Magic:  32/32      EV: 25    Int: 18    God:    Ru [******]
Gold:   3073       SH:  0    Dex: 17    Spells: 6 memorised, 10 levels left

rFire  + . .     SeeInvis .     a - +3 quarterstaff {flame, rF+ rC+}
rCold  + + .     Clarity  .     L - +1 mottled dragon armour
rNeg   . . .     SustAt   .     (shield currently unavailable)
rPois  +         Gourm    .     z - +2 hat {MR+}
rElec  .         Spirit   .     y - +0 cloak {rC+}
rCorr  .         Warding  .     q - +1 pair of gloves
rMut   .         Stasis   .     (boots unavailable)
MR     +....                    M - amulet of regeneration
Stlth  ..........               m - ring of poison resistance
                                O - ring of wizardry

@: flying quickly and evasively, slowed, drained, very slow, somewhat resistant
to hostile enchantments, extremely unstealthy
A: beak, talons 3, screaming 1, no stealth, inability to use devices, inability
to train armour, magic vulnerability 1, able to fly 2
a: Stop Flying, Draw Out Power, Power Leap, Apocalypse, Renounce Religion


   Skills:
 + Level 14.3(14.1) Fighting
 + Level 14.6(14.3) Dodging
 - Level 10.1(9.9) Spellcasting
 - Level 20.0(19.7) Conjurations
 - Level 5.0(4.8) Charms
 - Level 8.2(8.0) Poison Magic


You had 10 spell levels left.
You knew the following spells:

 Your Spells              Type           Power        Failure   Level  Hunger
a - Iskenderun's Mystic   Conj           ######..     1%          4    ###....
b - Mephitic Cloud        Conj/Pois/Air  #####...     1%          3    None
c - Venom Bolt            Conj/Pois      ######....   1%          5    #####..
d - Iskenderun's Battles  Conj/Chrm      ######..     1%          5    #####..
o - Orb of Destruction    Conj           ######....   1%          7    #######
q - Cure Poison           Pois           #####.....   1%          2    None

Inventory:

Hand Weapons
 a - the +3 quarterstaff of Inquiry (weapon) {flame, rF+ rC+}
   (You found it on level 6 of the Dungeon)

   It has been specially enchanted to burn those struck by it, causing extra
   injury to most foes and up to half again as much damage against particularly
   susceptible opponents.
   It protects you from fire.
   It protects you from cold.
 b - a +0 blowgun
   (You took it off Sonja on level 4 of the Lair of Beasts)
 w - a +3 dagger of distortion
   (You took it off Psyche on level 12 of the Dungeon)
 H - a +4 dagger of pain
   (You took it off a goblin on level 1 of the Dungeon)
Missiles
 G - 10 curare-tipped needles
Armour
 q - a +1 pair of gloves (worn)
   (You found it on level 5 of the Dungeon)
 y - a +0 cloak of cold resistance (worn)
   (You found it in an ice cave)
 z - a +2 hat of magic resistance (worn)
   (You took it off Gastronok on level 1 of the Orcish Mines)
 L - a +1 mottled dragon armour (worn)
   (You found it on level 8 of the Lair of Beasts)
Jewellery
 j - an uncursed amulet of stasis
   (You took it off a centaur on level 7 of the Dungeon)
 m - a ring of poison resistance (right hand)
   (You found it on level 1 of the Dungeon)
 u - an uncursed ring of see invisible
   (You found it on level 5 of the Dungeon)
 D - an uncursed amulet of resist corrosion
   (You found it on level 4 of the Lair of Beasts)
 M - an amulet of regeneration (around neck)
   (You found it on level 8 of the Lair of Beasts)
 O - a ring of wizardry (left hand)
   (You found it on level 2 of the Orcish Mines)
Scrolls
 e - a scroll of blinking
 k - 3 scrolls of teleportation
 n - 6 scrolls of remove curse
 p - 2 scrolls of amnesia
 s - 2 scrolls of fog
 I - 6 scrolls of enchant weapon
 N - 3 scrolls of identify
 P - a scroll of fear
 Q - a scroll of summoning
 R - 2 scrolls of enchant armour
Potions
 g - 7 potions of heal wounds
 i - a potion of berserk rage
 l - 9 potions of curing
 o - 6 potions of resistance
 r - 2 potions of haste
 v - 3 potions of magic
 x - 3 potions of brilliance
 E - 2 potions of might
 J - 2 potions of agility
 S - a potion of invisibility
Books
 f - a Young Poisoner's Handbook

   Spells                             Type                      Level
   a - Sting                          Conjuration/Poison           1
   b - Cure Poison                    Poison                       2
   c - Mephitic Cloud                 Conjuration/Poison/Air       3
   d - Olgreb's Toxic Radiance        Poison                       4
   e - Venom Bolt                     Conjuration/Poison           5
 t - a book of Power
   (You found it on level 8 of the Lair of Beasts)

   Spells                             Type                      Level
   a - Fulminant Prism                Conjuration/Hexes            4
   b - Iskenderun's Mystic Blast      Conjuration                  4
   c - Venom Bolt                     Conjuration/Poison           5
   d - Bolt of Magma                  Conjuration/Fire/Earth       5
   e - Iron Shot                      Conjuration/Earth            6
   f - Orb of Destruction             Conjuration                  7
   g - Spellforged Servitor           Conjuration/Summoning        7
 A - a book of Conjurations
   (You found it on level 5 of the Lair of Beasts)

   Spells                             Type                      Level
   a - Magic Dart                     Conjuration                  1
   b - Searing Ray                    Conjuration                  2
   c - Dazzling Spray                 Conjuration/Hexes            3
   d - Fulminant Prism                Conjuration/Hexes            4
   e - Iskenderun's Mystic Blast      Conjuration                  4
   f - Iskenderun's Battlesphere      Conjuration/Charms           5
 C - a book of Geomancy
   (You found it on level 1 of the Lair of Beasts)

   Spells                             Type                      Level
   a - Sandblast                      Earth                        1
   b - Stoneskin                      Transmutation/Earth          2
   c - Passwall                       Transmutation/Earth          3
   d - Stone Arrow                    Conjuration/Earth            3
   e - Petrify                        Transmutation/Earth          4
   f - Lee's Rapid Deconstruction     Earth                        5
Comestibles
 c - a chunk of flesh
 d - 8 meat rations
 h - 4 royal jellies {!e}
 B - a beef jerky


Message History

The deep elf mage casts a spell!
The deep elf mage blinks!!!
The yak misses you! The yak barely misses you!
The gargoyle hurls a stone arrow at you!
The stone arrow misses you! The centaur skeleton misses you!
The crocodile completely misses you! The yak closely misses you!
The yak completely misses you! The gargoyle hits you with a mace!!!
You focus your will and paralyse the gargoyle in retribution!!!
You pound the crocodile like an anvil!!!
You burn the crocodile!
You annihilate the crocodile!!!
The centaur skeleton completely misses you!
The yak misses you! x2
The centaur skeleton misses you! The yak completely misses you!
The yak is stunned by your will and fails to attack!
The yak closely misses you!
The centaur skeleton completely misses you!
You barely miss the yak!
The yak is moderately wounded!
The centaur skeleton closely misses you!
The yak completely misses you! x2
The yak misses you! The centaur skeleton misses you!
The yak completely misses you! The yak barely misses you!
The deep elf mage begins to cast a spell, but is stunned by your will!!!
The yak is stunned by your will and fails to attack!
You flatten the yak like a pancake!!! You burn the yak!
You peck the yak, but do no damage!
The yak is heavily wounded!
The gargoyle is no longer paralysed!
The centaur skeleton completely misses you!
The gargoyle hurls a stone arrow at you!
The stone arrow hits you!!!
The centaur skeleton hits you but does no damage!
The yak closely misses you! x2
The yak completely misses you!
The gargoyle hurls a stone arrow at you!
The stone arrow misses you!
You redirect the centaur skeleton's attack!!!
The centaur skeleton closely misses the yak!
The yak is stunned by your will and fails to attack!
The deep elf mage casts a spell!
The deep elf mage blinks!!!
The yak gores you!!!
You focus your will and illuminate the yak in retribution!!!
The yak barely misses you!
You pound the yak like an anvil! You burn the yak!
You claw the yak, but do no damage! You peck the yak, but do no damage!
The yak is severely wounded!
The centaur skeleton closely misses you!
The gargoyle hurls a stone arrow at you!
The stone arrow hits you!!! rip

##.####...)................
###.###......########
##.###.#....# #............
......#.##.#.....
.######.##.......
##.ยง...#.)... #.YY##...#.
#YY@# ... ### #.9Z# . #..
.....Y. # #.# ..####.#.#
..#..######.# .....
.......<....# #..
.#...#.########. ... .#.
#... ###. .# # #.#. #.##


You could see 5 yaks, a gargoyle and a centaur skeleton.

Vault maps used:
D:1:      dpeg_arrival_pits, st_stairs_11
D:2:      old_standard_altar, lemuel_blue_sif_altar, first_bread
D:3:      ecumenical_altar_1, minmay_goblin_outpost, uniq_sigmund
D:4:      nicolae_ru_the_path_less_chosen, cheibriados_altar_1
D:5:      serial_shops, nicolae_shop_behind_doors, kennysheep_decorative_pillar,
          uniq_pikel, uniq_eustachio
D:6:      makhleb_altar_promises_db
D:7:      minmay_temple_entry_statues_pillars, grunt_livestock,
          uniq_prince_ribbit1
D:8:      xom_redecorated, minmay_lair_entry_grove, tgw_kikubaaqudgha,
          uniq_erolcha
D:9:      grunt_gozag_breadcrumbs, serial_glass, glass_columns_a,
          glass_columns_a, grunt_decor_arrowhead, minivault_14,
          nrook_loot_triangle
D:10:     nrook_guardian_serpent_snake_passage
D:11:     orc_0_dummy, enter_bailey_3, special_room, uniq_fannar
D:12:     uniq_psyche
D:13:     lightli_vaults_fourway_checkpoint, ashenzari_altar_1
Lair:1:   lemuel_fruit_fields
Lair:3:   st_stairs_6, grunt_megastairs_5, infiniplex_staircase_pool_2,
          uniq_snorg
Lair:4:   serial_bayou_pond_e, uniq_rupert, uniq_sonja
Lair:5:   swamp_mist_pool, guppyfry_snake_entry_garden
Lair:6:   minivault_23, serial_bayou_shore_a, serial_bayou_shore_b
Lair:7:   serial_bayou_shore_b, bh_autumn_forest_stairs
Lair:8:   evilmike_catoblepas_cave, nicolae_slime_entry_slimehenge,
          enter_volcano_3, st_stairs_8, minmay_hedge_maze,
          bobbens_dragon_lair_wall, serial_bayou_shore_b
Orc:1:    lemuel_ogre_cave, uniq_gastronok, uniq_nergalle, uniq_maurice
Orc:2:    orc_temple, portal_ice_cave_entry_imps, mines2_lemuel
Orc:3:    nicolae_orc_pool_cavern, uniq_maud, uniq_josephine
Orc:4:    st_orc_pillars
Bailey:   bailey_polearm_5, bailey
IceCv:    ice_cave_small_giant
Volcano:  volcano_lake

Dungeon Overview and Level Annotations

Branches:
Dungeon (13/15)            Temple (0/1) D:7            Lair (8/8) D:8
  Swamp (0/4) Lair:5        Snake (0/4) Lair:5        Slime (0/6) Lair:8
    Orc (4/4) D:11            Elf (0/3) Orc:4
 Vaults: D:13-14

Altars:
Cheibriados
Gozag
Kikubaaqudgha
Makhleb
Okawaru
Ru
Sif Muna
Xom
Beogh

Shops:
D:5 [   Orc:4 }%*!


Innate Abilities, Weirdness & Mutations

You have a beak for a mouth.
You have claws for feet.
You occasionally shout uncontrollably at your foes.
You cannot be stealthy.
You cannot study or use magical devices.
You cannot train Armour skill.
You are slightly vulnerable to magic.
You can fly continuously.


You were on level 13 of the Dungeon.
You worshipped Ru.
Ru was exalted by your worship.
You were not hungry.

You visited 3 branches of the dungeon, and saw 25 of its levels.
You also visited: Bailey, Ice Cave and Volcano.

You collected 3113 gold pieces.
You spent 40 gold pieces at shops.

Vanquished Creatures
  Monster Symbol All ' '
  The ghost of gw the Cudgeler, a novice DDFi of Makhleb (D:5)
  The ghost of gw the Firebug, an amateur DgFE (D:4)
2 creatures vanquished. All '5' 6 crimson imps (D:6 D:8 D:9 D:10 D:11) 3 shadow imps (D:5 D:12) 12 white imps (Orc:2)
21 creatures vanquished. All '8' A toenail golem (Volcano) An ice statue (IceCv)
2 creatures vanquished. All '9' 2 molten gargoyles (Volcano) 2 gargoyles (D:11 D:12)
4 creatures vanquished. All ';' An electric eel (Lair:5)
1 creature vanquished. All '@' Rupert (Lair:4) Maud (Orc:3) Josephine (Orc:3) Maurice (Orc:1) Psyche (D:12) Sigmund (D:3) Eustachio (D:5)
7 creatures vanquished. All 'B' A boulder beetle (Lair:7)
1 creature vanquished. All 'C' A frost giant (IceCv) 3 hill giants (D:12 D:13) A cyclops (D:11)
5 creatures vanquished. All 'D' A fire dragon (Lair:8) 12 hydras (Lair:1 Lair:5 Lair:6 Lair:7 Lair:8) A mottled dragon (D:12)
14 creatures vanquished. All 'F' 19 spiny frogs (Lair:2 Lair:3 Lair:4 Lair:6 Lair:7) 14 blink frogs (Lair:3 Lair:6) Prince Ribbit (D:7) 22 giant frogs (D:8 Lair:1 Lair:2 Lair:3 Lair:4)
56 creatures vanquished. All 'G' 2 eyes of draining (D:12)
2 creatures vanquished. All 'H' A manticore (Volcano) 2 griffons (Lair:7) 7 hippogriffs (Lair:3 Lair:6 Lair:8 D:10 D:11)
10 creatures vanquished. All 'J' 8 jellies (D:5 D:6 Lair:8 D:9 D:10) 3 oozes (Lair:8)
11 creatures vanquished. All 'K' Sonja (Lair:4) Pikel (D:5) 18 big kobolds (D:11) 19 kobolds (D:1 D:2 D:3 D:11)
39 creatures vanquished. All 'N' 2 nagas (Lair:5)
2 creatures vanquished. All 'O' Erolcha (D:8) An ogre mage (Orc:1) 3 two-headed ogres (D:9 Orc:4 D:13) 7 ogres (D:5 D:6 D:7 D:8 Orc:4)
12 creatures vanquished. All 'P' 18 bushes (Lair:8) 14 fungi (Lair:8) 8 plants (Lair:7 Lair:8)
40 creatures vanquished. All 'S' 2 guardian serpents (D:10) 3 black mambas (Lair:2 Lair:4 Lair:8) 10 water moccasins (Lair:1 Lair:2 Lair:3 Lair:4 Lair:5) 2 lava snakes (Volcano) 11 adders (D:2 D:3 D:5 D:4 D:6)
28 creatures vanquished. All 'T' Snorg (Lair:3) A troll (D:12)
2 creatures vanquished. All 'W' 8 wraiths (D:10 D:11 Orc:3 D:12 D:13) A hungry ghost (D:12) 2 phantoms (D:11 D:12)
11 creatures vanquished. All 'Y' 2 catoblepae (Lair:8) 18 death yaks (Lair:8) 8 elephants (Lair:4 Lair:7) 65 yaks (Lair:3 Lair:4 Lair:6 Lair:7 Lair:8) 2 sky beasts (D:5) 3 ice beasts (D:7 D:10) 47 sheep (D:7 D:8 Lair:4 Lair:5 Lair:8)
145 creatures vanquished. All 'Z' A centaur skeleton (D:8) 14 two-headed ogre zombies (Orc:1) A centaur zombie (D:5) A giant frog zombie (D:9) 3 giant frog skeletons (D:4 D:7) 2 ogre zombies (Orc:1) A hound zombie (D:9) 2 hound skeletons (D:7 D:8) 2 worker ant zombies (D:6 D:11) An adder skeleton (D:4) A giant gecko skeleton (D:5) A quokka skeleton (D:7)
30 creatures vanquished. All 'a' 6 worker ants (D:4 D:5 D:6 D:7 D:12)
6 creatures vanquished. All 'b' 8 bats (D:1 D:2 D:3)
8 creatures vanquished. All 'c' 12 centaurs (D:7 D:8 D:12)
12 creatures vanquished. All 'e' Fannar (D:11) A deep elf mage (D:12)
2 creatures vanquished. All 'g' 10 gnolls (D:3 D:4 D:5) 12 hobgoblins (D:1 D:2 D:3) 17 goblins (D:1 D:2 D:3 D:11)
39 creatures vanquished. All 'h' 18 polar bears (Lair:3 Lair:4 Lair:6 Lair:7 IceCv) A hog (D:7) 2 wargs (Orc:1 Orc:2) 22 wolves (Lair:6 Lair:8 IceCv) 2 hell hounds (Volcano) 3 black bears (Lair:4 D:9) 8 hounds (D:4 D:5 D:8 D:9) 20 jackals (D:3 D:5 D:6 D:11)
76 creatures vanquished. All 'k' 5 fire drakes (Lair:7 Lair:8)
5 creatures vanquished. All 'l' 8 komodo dragons (Lair:2 Lair:6 Lair:7 Lair:8) 6 basilisks (D:8 Lair:2 Lair:6 Lair:7 Lair:8) A wyvern (Lair:3) 12 iguanas (D:4 Lair:1 Lair:3 Lair:4 Lair:2) 11 giant geckos (D:2 D:3 D:4 D:5 D:6) 8 giant newts (D:1 D:2 D:3 D:4)
46 creatures vanquished. All 'n' A necrophage (D:11)
1 creature vanquished. All 'o' An orc warlord (Orc:2) 6 orc high priests (Orc:2 Orc:4) Nergalle (Orc:1) An orc sorcerer (Orc:2) 11 orc knights (Bailey Orc:2 Orc:4) 59 orc warriors (D:7 D:8 D:9 Bailey Orc:1) 29 orc wizards (D:3 D:5 D:7 D:8 Orc:1) 44 orc priests (D:7 D:6 D:8 D:9 Orc:1) 217 orcs (D:2 D:3 D:4 D:7 D:6)
369 creatures vanquished. All 'p' A human (D:7)
1 creature vanquished. All 'r' 14 porcupines (D:8 Lair:2 Lair:3 Lair:4 Lair:5) 95 river rats (D:8 Lair:1 Lair:2 Lair:3 Lair:4) A quokka (D:2) 8 rats (D:1 D:2 D:3)
118 creatures vanquished. All 's' 3 scorpions (D:5 D:6 Lair:4) 8 giant cockroaches (D:2 D:3 D:4 D:5)
11 creatures vanquished. All 't' A fire crab (Volcano) 17 crocodiles (D:8 Lair:1 Lair:2 Lair:4 Lair:6)
18 creatures vanquished. All 'u' An ugly thing (D:11)
1 creature vanquished. All 'w' Gastronok (Orc:1) 2 torpor snails (Lair:6 Lair:8) A brain worm (D:13) 2 worms (D:3 D:5)
6 creatures vanquished. All 'y' 5 killer bees (D:11)
5 creatures vanquished. All 'z' 6 wights (D:10 D:13)
6 creatures vanquished.
1175 creatures vanquished. Monster Nature Uniques Rupert (Lair:4) Gastronok (Orc:1) Maud (Orc:3) Snorg (Lair:3) Erolcha (D:8) Josephine (Orc:3) Fannar (D:11) Sonja (Lair:4) Nergalle (Orc:1) Pikel (D:5) Maurice (Orc:1) Psyche (D:12) Prince Ribbit (D:7) Sigmund (D:3) Eustachio (D:5)
15 creatures vanquished. Natural Monsters An orc warlord (Orc:2) A frost giant (IceCv) A fire dragon (Lair:8) 12 hydras (Lair:1 Lair:5 Lair:6 Lair:7 Lair:8) 2 catoblepae (Lair:8) 6 orc high priests (Orc:2 Orc:4) An ogre mage (Orc:1) 18 death yaks (Lair:8) A fire crab (Volcano) 3 hill giants (D:12 D:13) An orc sorcerer (Orc:2) 11 orc knights (Bailey Orc:2 Orc:4) A cyclops (D:11) A manticore (Volcano) An ugly thing (D:11) 8 elephants (Lair:4 Lair:7) The ghost of gw the Cudgeler, a novice DDFi of Makhleb (D:5) 2 griffons (Lair:7) 2 guardian serpents (D:10) 3 black mambas (Lair:2 Lair:4 Lair:8) 2 torpor snails (Lair:6 Lair:8) 19 spiny frogs (Lair:2 Lair:3 Lair:4 Lair:6 Lair:7) 8 komodo dragons (Lair:2 Lair:6 Lair:7 Lair:8) A troll (D:12) 5 fire drakes (Lair:7 Lair:8) 18 polar bears (Lair:3 Lair:4 Lair:6 Lair:7 IceCv) 3 two-headed ogres (D:9 Orc:4 D:13) The ghost of gw the Firebug, an amateur DgFE (D:4) 14 blink frogs (Lair:3 Lair:6) A boulder beetle (Lair:7) 6 basilisks (D:8 Lair:2 Lair:6 Lair:7 Lair:8) A human (D:7) A hog (D:7) 65 yaks (Lair:3 Lair:4 Lair:6 Lair:7 Lair:8) A deep elf mage (D:12) A wyvern (Lair:3) 2 wargs (Orc:1 Orc:2) 22 wolves (Lair:6 Lair:8 IceCv) 7 hippogriffs (Lair:3 Lair:6 Lair:8 D:10 D:11) A mottled dragon (D:12) 10 water moccasins (Lair:1 Lair:2 Lair:3 Lair:4 Lair:5) 2 nagas (Lair:5) 2 sky beasts (D:5) 14 porcupines (D:8 Lair:2 Lair:3 Lair:4 Lair:5) 3 ice beasts (D:7 D:10) 3 black bears (Lair:4 D:9) 2 eyes of draining (D:12) 59 orc warriors (D:7 D:8 D:9 Bailey Orc:1) 7 ogres (D:5 D:6 D:7 D:8 Orc:4) 12 centaurs (D:7 D:8 D:12) 18 big kobolds (D:11) 17 crocodiles (D:8 Lair:1 Lair:2 Lair:4 Lair:6) A brain worm (D:13) 22 giant frogs (D:8 Lair:1 Lair:2 Lair:3 Lair:4) 3 scorpions (D:5 D:6 Lair:4) 5 killer bees (D:11) An electric eel (Lair:5) 2 lava snakes (Volcano) 8 jellies (D:5 D:6 Lair:8 D:9 D:10) 29 orc wizards (D:3 D:5 D:7 D:8 Orc:1) 8 hounds (D:4 D:5 D:8 D:9) 6 worker ants (D:4 D:5 D:6 D:7 D:12) 44 orc priests (D:7 D:6 D:8 D:9 Orc:1) 12 iguanas (D:4 Lair:1 Lair:3 Lair:4 Lair:2) 47 sheep (D:7 D:8 Lair:4 Lair:5 Lair:8) 95 river rats (D:8 Lair:1 Lair:2 Lair:3 Lair:4) 10 gnolls (D:3 D:4 D:5) 11 adders (D:2 D:3 D:5 D:4 D:6) 3 oozes (Lair:8) 2 worms (D:3 D:5) 217 orcs (D:2 D:3 D:4 D:7 D:6) 8 giant cockroaches (D:2 D:3 D:4 D:5) 12 hobgoblins (D:1 D:2 D:3) 20 jackals (D:3 D:5 D:6 D:11) A quokka (D:2) 8 bats (D:1 D:2 D:3) 11 giant geckos (D:2 D:3 D:4 D:5 D:6) 8 giant newts (D:1 D:2 D:3 D:4) 17 goblins (D:1 D:2 D:3 D:11) 19 kobolds (D:1 D:2 D:3 D:11) 8 rats (D:1 D:2 D:3)
1043 creatures vanquished. Non-Living Monsters A toenail golem (Volcano) 2 molten gargoyles (Volcano) An ice statue (IceCv) 2 gargoyles (D:11 D:12)
6 creatures vanquished. Undead Monsters A centaur skeleton (D:8) 8 wraiths (D:10 D:11 Orc:3 D:12 D:13) A hungry ghost (D:12) A necrophage (D:11) 2 phantoms (D:11 D:12) 6 wights (D:10 D:13) 14 two-headed ogre zombies (Orc:1) A centaur zombie (D:5) A giant frog zombie (D:9) 3 giant frog skeletons (D:4 D:7) 2 ogre zombies (Orc:1) A hound zombie (D:9) 2 hound skeletons (D:7 D:8) 2 worker ant zombies (D:6 D:11) An adder skeleton (D:4) A giant gecko skeleton (D:5) A quokka skeleton (D:7)
48 creatures vanquished. Demonic Monsters 2 hell hounds (Volcano) 6 crimson imps (D:6 D:8 D:9 D:10 D:11) 3 shadow imps (D:5 D:12) 12 white imps (Orc:2)
23 creatures vanquished. Plants 18 bushes (Lair:8) 14 fungi (Lair:8) 8 plants (Lair:7 Lair:8)
40 creatures vanquished.
1175 creatures vanquished. Ascending Order Rupert (Lair:4) Gastronok (Orc:1) Maud (Orc:3) An orc warlord (Orc:2) A frost giant (IceCv) Snorg (Lair:3) Erolcha (D:8) Josephine (Orc:3) Fannar (D:11) A fire dragon (Lair:8) An ogre mage (Orc:1) Sonja (Lair:4) Nergalle (Orc:1) A fire crab (Volcano) Pikel (D:5) An orc sorcerer (Orc:2) A cyclops (D:11) A manticore (Volcano) An ugly thing (D:11) A toenail golem (Volcano) Maurice (Orc:1) The ghost of gw the Cudgeler, a novice DDFi of Makhleb (D:5) An ice statue (IceCv) Psyche (D:12) A centaur skeleton (D:8) A troll (D:12) The ghost of gw the Firebug, an amateur DgFE (D:4) Prince Ribbit (D:7) A boulder beetle (Lair:7) Sigmund (D:3) A human (D:7) Eustachio (D:5) A hog (D:7) A deep elf mage (D:12) A wyvern (Lair:3) A hungry ghost (D:12) A mottled dragon (D:12) A necrophage (D:11) A brain worm (D:13) An electric eel (Lair:5) A centaur zombie (D:5) A giant frog zombie (D:9) A hound zombie (D:9) An adder skeleton (D:4) A quokka (D:2) A quokka skeleton (D:7) A giant gecko skeleton (D:5) 2 catoblepae (Lair:8) 2 molten gargoyles (Volcano) 2 griffons (Lair:7) 2 guardian serpents (D:10) 2 torpor snails (Lair:6 Lair:8) 2 gargoyles (D:11 D:12) 2 wargs (Orc:1 Orc:2) 2 nagas (Lair:5) 2 sky beasts (D:5) 2 hell hounds (Volcano) 2 eyes of draining (D:12) 2 phantoms (D:11 D:12) 2 lava snakes (Volcano) 2 ogre zombies (Orc:1) 2 hound skeletons (D:7 D:8) 2 worker ant zombies (D:6 D:11) 2 worms (D:3 D:5) 3 hill giants (D:12 D:13) 3 black mambas (Lair:2 Lair:4 Lair:8) 3 two-headed ogres (D:9 Orc:4 D:13) 3 ice beasts (D:7 D:10) 3 black bears (Lair:4 D:9) 3 scorpions (D:5 D:6 Lair:4) 3 giant frog skeletons (D:4 D:7) 3 shadow imps (D:5 D:12) 3 oozes (Lair:8) 5 fire drakes (Lair:7 Lair:8) 5 killer bees (D:11) 6 orc high priests (Orc:2 Orc:4) 6 basilisks (D:8 Lair:2 Lair:6 Lair:7 Lair:8) 6 wights (D:10 D:13) 6 crimson imps (D:6 D:8 D:9 D:10 D:11) 6 worker ants (D:4 D:5 D:6 D:7 D:12) 7 hippogriffs (Lair:3 Lair:6 Lair:8 D:10 D:11) 7 ogres (D:5 D:6 D:7 D:8 Orc:4) 8 elephants (Lair:4 Lair:7) 8 komodo dragons (Lair:2 Lair:6 Lair:7 Lair:8) 8 wraiths (D:10 D:11 Orc:3 D:12 D:13) 8 jellies (D:5 D:6 Lair:8 D:9 D:10) 8 hounds (D:4 D:5 D:8 D:9) 8 giant cockroaches (D:2 D:3 D:4 D:5) 8 bats (D:1 D:2 D:3) 8 giant newts (D:1 D:2 D:3 D:4) 8 rats (D:1 D:2 D:3) 8 plants (Lair:7 Lair:8) 10 water moccasins (Lair:1 Lair:2 Lair:3 Lair:4 Lair:5) 10 gnolls (D:3 D:4 D:5) 11 orc knights (Bailey Orc:2 Orc:4) 11 adders (D:2 D:3 D:5 D:4 D:6) 11 giant geckos (D:2 D:3 D:4 D:5 D:6) 12 hydras (Lair:1 Lair:5 Lair:6 Lair:7 Lair:8) 12 centaurs (D:7 D:8 D:12) 12 iguanas (D:4 Lair:1 Lair:3 Lair:4 Lair:2) 12 white imps (Orc:2) 12 hobgoblins (D:1 D:2 D:3) 14 blink frogs (Lair:3 Lair:6) 14 porcupines (D:8 Lair:2 Lair:3 Lair:4 Lair:5) 14 two-headed ogre zombies (Orc:1) 14 fungi (Lair:8) 17 crocodiles (D:8 Lair:1 Lair:2 Lair:4 Lair:6) 17 goblins (D:1 D:2 D:3 D:11) 18 death yaks (Lair:8) 18 polar bears (Lair:3 Lair:4 Lair:6 Lair:7 IceCv) 18 big kobolds (D:11) 18 bushes (Lair:8) 19 spiny frogs (Lair:2 Lair:3 Lair:4 Lair:6 Lair:7) 19 kobolds (D:1 D:2 D:3 D:11) 20 jackals (D:3 D:5 D:6 D:11) 22 wolves (Lair:6 Lair:8 IceCv) 22 giant frogs (D:8 Lair:1 Lair:2 Lair:3 Lair:4) 29 orc wizards (D:3 D:5 D:7 D:8 Orc:1) 44 orc priests (D:7 D:6 D:8 D:9 Orc:1) 47 sheep (D:7 D:8 Lair:4 Lair:5 Lair:8) 59 orc warriors (D:7 D:8 D:9 Bailey Orc:1) 65 yaks (Lair:3 Lair:4 Lair:6 Lair:7 Lair:8) 95 river rats (D:8 Lair:1 Lair:2 Lair:3 Lair:4) 217 orcs (D:2 D:3 D:4 D:7 D:6)
1175 creatures vanquished. The 3-digit Club 217 orcs (D:2 D:3 D:4 D:7 D:6)
217 creatures vanquished. ----------------------------------------

Vanquished Creatures (others)
  Monster Symbol All '9'
  A gargoyle (D:13)
1 creature vanquished. All 'F' A spiny frog (Lair:8) A blink frog (Lair:6)
2 creatures vanquished. All 'H' A manticore (Volcano)
1 creature vanquished. All 'J' A jelly (D:12)
1 creature vanquished. All 'K' A kobold (D:11)
1 creature vanquished. All 'P' 36 bushes (Lair:8) 35 fungi (D:8 Lair:1 Lair:2 Lair:3 Lair:6) 27 plants (D:8 Lair:2 Lair:3 Lair:6 Lair:7)
98 creatures vanquished. All 'Y' A catoblepas (Lair:8) A sheep (Lair:4)
2 creatures vanquished. All 'c' A centaur (D:12)
1 creature vanquished. All 'o' 2 orc warriors (Orc:2 Orc:4) 2 orc wizards (Orc:2 Orc:4) 18 orcs (Bailey Orc:1 Orc:2 Orc:3 Orc:4)
22 creatures vanquished. All 'p' A slave (D:5) A human (D:8)
2 creatures vanquished. All 'r' A river rat (Lair:7)
1 creature vanquished.
132 creatures vanquished. Monster Nature Natural Monsters A catoblepas (Lair:8) A manticore (Volcano) A spiny frog (Lair:8) A blink frog (Lair:6) A slave (D:5) 2 orc warriors (Orc:2 Orc:4) A human (D:8) A centaur (D:12) A jelly (D:12) 2 orc wizards (Orc:2 Orc:4) A sheep (Lair:4) A river rat (Lair:7) 18 orcs (Bailey Orc:1 Orc:2 Orc:3 Orc:4) A kobold (D:11)
33 creatures vanquished. Non-Living Monsters A gargoyle (D:13)
1 creature vanquished. Plants 36 bushes (Lair:8) 35 fungi (D:8 Lair:1 Lair:2 Lair:3 Lair:6) 27 plants (D:8 Lair:2 Lair:3 Lair:6 Lair:7)
98 creatures vanquished.
132 creatures vanquished. Ascending Order A catoblepas (Lair:8) A manticore (Volcano) A gargoyle (D:13) A spiny frog (Lair:8) A blink frog (Lair:6) A slave (D:5) A human (D:8) A centaur (D:12) A jelly (D:12) A sheep (Lair:4) A river rat (Lair:7) A kobold (D:11) 2 orc warriors (Orc:2 Orc:4) 2 orc wizards (Orc:2 Orc:4) 18 orcs (Bailey Orc:1 Orc:2 Orc:3 Orc:4) 27 plants (D:8 Lair:2 Lair:3 Lair:6 Lair:7) 35 fungi (D:8 Lair:1 Lair:2 Lair:3 Lair:6) 36 bushes (Lair:8)
132 creatures vanquished. ----------------------------------------

Grand Total: 1307 creatures vanquished

Table legend:
 A = Kills in this place as a percentage of kills in entire the game.
 B = Kills by you in this place as a percentage of kills by you in the entire game.
 C = Kills by friends in this place as a percentage of kills by friends in the entire game.
 D = Other kills in this place as a percentage of other kills in the entire game.
 E = Experience gained in this place as a percentage of experience gained in the entire game.
 F = Experience gained in this place divided by the number of levels of this place that you have seen.
                   A       B       C       D       E      F
               +-------+-------+-------+-------+-------+----------------------
         Total | 100.0 | 100.0 |  -nan | 100.0 | 100.0 | 5476.5
       Dungeon |  32.5 |  32.5 |  -nan |  33.3 |  18.1 | 2140.8
          Lair |  31.5 |  31.6 |  -nan |  27.8 |  51.9 | 9947.6
  Orcish Mines |  28.4 |  28.5 |  -nan |  22.2 |  19.6 | 7522.8
        Bailey |   3.5 |   3.5 |  -nan |   5.6 |   2.1 | 3281.0
      Ice Cave |   3.1 |   3.1 |  -nan |   5.6 |   6.0 | 9234.0
       Volcano |   0.9 |   0.8 |  -nan |   5.6 |   2.2 | 3324.0
               +-------+-------+-------+-------+-------+----------------------

Table legend:
 A = Turns spent in this place as a percentage of turns spent in the entire game.
 B = Non-inter-level travel turns spent in this place as a percentage of non-inter-level travel turns spent in the entire game.
 C = Inter-level travel turns spent in this place as a percentage of turns spent in this place.
 D = Turns resting spent in this place as a percentage of non-inter-level travel turns spent in this place.
 E = Turns spent auto-exploring this place as a percentage of non-inter-level travel turns spent in this place.
 F = Non-inter-level travel turns spent in this place divided by the number of levels of this place that you've seen.
                   A       B       C       D       E      F
               +-------+-------+-------+-------+-------+----------------------
         Total | 100.0 | 100.0 |   0.5 |   5.5 |   5.8 | 464.0
       Dungeon |  35.0 |  34.9 |   0.7 |   5.6 |   8.2 | 349.0
          Lair |  35.1 |  35.1 |   0.4 |   7.8 |   5.6 | 570.8
  Orcish Mines |  20.0 |  20.0 |   0.4 |   2.8 |   4.3 | 651.0
        Bailey |   3.8 |   3.8 |   0.0 |   2.4 |   0.2 | 491.0
      Ice Cave |   3.1 |   3.1 |   0.0 |   2.2 |   3.5 | 401.0
       Volcano |   3.0 |   3.0 |   0.0 |   3.1 |   0.0 | 392.0
               +-------+-------+-------+-------+-------+----------------------

Action                   |  1- 3 |  4- 6 |  7- 9 | 10-12 | 13-15 | 16-18 || total
-------------------------+-------+-------+-------+-------+-------+-------++-------
Melee: Dagger            |    11 |    54 |    68 |       |       |       ||   133
       Falchion          |       |       |    59 |       |       |       ||    59
       Quarterstaff      |       |       |    66 |   486 |   819 |  1424 ||  2795
 Cast: Sting             |    90 |   134 |   209 |    78 |       |       ||   511
       Mephitic Cloud    |       |     4 |    12 |    18 |       |     7 ||    41
       Venom Bolt        |       |       |       |    50 |    59 |   141 ||   250
       Stone Arrow       |       |       |       |   139 |     8 |       ||   147
       Iskenderun's Myst |       |       |       |       |   207 |    18 ||   225
       Iskenderun's Batt |       |       |       |       |    21 |     1 ||    22
       Orb of Destructio |       |       |       |       |       |     2 ||     2
Invok: Sacrifice Stealth |       |       |     1 |       |       |       ||     1
       Sacrifice Artific |       |       |       |     1 |       |       ||     1
       Draw Out Power    |       |       |       |     4 |     2 |     1 ||     7
       Sacrifice Durabil |       |       |       |     1 |       |       ||     1
       Sacrifice Essence |       |       |       |     1 |       |       ||     1
       Sacrifice Purity  |       |       |       |       |     1 |       ||     1
       Apocalypse        |       |       |       |       |     4 |     3 ||     7
 Abil: Fly               |       |       |     3 |    10 |     3 |       ||    16
Evoke: Wand              |       |       |     3 |       |       |       ||     3
  Use: Scroll            |     6 |     8 |     5 |    16 |    13 |     5 ||    53
       Potion            |       |     3 |     4 |     2 |     3 |       ||    12
 Stab: Invisible         |       |     1 |     1 |     4 |     5 |    11 ||    22
       Sleeping          |       |     2 |     1 |       |       |       ||     3
       Confused          |       |       |     3 |     5 |       |     4 ||    12
       Paralysed         |       |       |       |    12 |    78 |    56 ||   146
       Distracted        |       |       |       |     1 |     5 |     7 ||    13
  Eat: Chunk             |     4 |    13 |    11 |    38 |    49 |    60 ||   175
       Beef jerky        |     1 |     1 |       |       |     4 |     1 ||     7
       Bread ration      |       |       |     2 |     1 |     4 |     4 ||    11
       Fruit             |       |       |       |    18 |       |     3 ||    21
       Pizza             |       |       |       |     1 |     7 |     1 ||     9

Notes
Turn   | Place    | Note
--------------------------------------------------------------
     0 | D:1      | tatsujin the Tengu Venom Mage began the quest for the Orb.
     0 | D:1      | Reached XP level 1. HP: 10/10 MP: 4/4
    84 | D:1      | Reached skill level 1 in Conjurations
   284 | D:1      | Reached skill level 2 in Conjurations
   346 | D:1      | Reached XP level 2. HP: 15/15 MP: 4/6
   409 | D:1      | Learned a level 2 spell: Cure Poison
   710 | D:1      | Reached skill level 3 in Conjurations
  1108 | D:2      | Reached XP level 3. HP: 19/19 MP: 4/7
  1117 | D:2      | Learned a level 3 spell: Mephitic Cloud
  1311 | D:2      | Reached skill level 4 in Conjurations
  1902 | D:2      | Found an iron altar of Okawaru.
  2143 | D:2      | Reached XP level 4. HP: 24/24 MP: 6/8
  2236 | D:2      | Found a deep blue altar of Sif Muna.
  2552 | D:3      | Reached skill level 5 in Conjurations
  2667 | D:3      | HP: 3/24 [goblin/dagger (2)]
  2672 | D:3      | HP: 1/24 [hobgoblin/club (2)]
  3150 | D:2      | Gained mutation: You can fly. [Tengu growth]
  3150 | D:2      | Reached XP level 5. HP: 16/28 MP: 0/9
  3366 | D:2      | Reached skill level 6 in Conjurations
  3548 | D:3      | Noticed Sigmund
  4675 | D:3      | Killed Sigmund
  4675 | D:3      | Reached skill level 3 in Dodging
  4675 | D:3      | Reached skill level 7 in Conjurations
  4675 | D:3      | Reached XP level 6. HP: 32/32 MP: 5/10
  4741 | D:3      | Found a faded altar to an unknown god.
  5096 | D:4      | Got a creamy pearl robe
  5329 | D:4      | Identified the +1 robe of Unambiguity {+Blink +Inv MR- Regen+} (You found it on level 4 of the Dungeon)
  5381 | D:4      | Noticed gw's ghost (amateur DgFE)
  5413 | D:4      | Found a snail-covered altar of Cheibriados.
  5588 | D:4      | Reached skill level 4 in Dodging
  5635 | D:4      | Reached skill level 1 in Fighting
  5635 | D:4      | Reached XP level 7. HP: 31/38 MP: 11/11
  5802 | D:4      | Reached skill level 8 in Conjurations
  5812 | D:4      | HP: 4/38 [gw's ghost/flame tongue (18)]
  5820 | D:3      | HP: 4/38 [poisoned by a worker ant]
  6017 | D:5      | Entered Level 5 of the Dungeon
  6185 | D:5      | Found Jesteen's Antique Armour Shoppe.
  6191 | D:5      | Noticed gw's ghost (novice DDFi)
  6258 | D:5      | Reached skill level 2 in Fighting
  6503 | D:4      | Killed gw's ghost
  6503 | D:4      | Reached skill level 3 in Fighting
  6503 | D:4      | Reached skill level 5 in Dodging
  6503 | D:4      | Reached XP level 8. HP: 45/46 MP: 12/12
  6874 | D:4      | Reached skill level 9 in Conjurations
  6967 | D:4      | Learned a level 5 spell: Venom Bolt
  7277 | D:4      | Found a sacrificial altar of Ru.
  7421 | D:4      | Became a worshipper of Ru the Awakened
  7568 | D:5      | Reached skill level 4 in Fighting
  7630 | D:5      | Noticed Eustachio
  7768 | D:5      | Killed Eustachio
  7768 | D:5      | Reached skill level 6 in Dodging
  7768 | D:5      | Reached skill level 5 in Poison Magic
  8256 | D:5      | Noticed Pikel
  8368 | D:5      | Killed Pikel
  8368 | D:5      | Reached skill level 5 in Fighting
  8368 | D:5      | Reached skill level 7 in Dodging
  8368 | D:5      | Reached skill level 3 in Spellcasting
  8368 | D:5      | Reached XP level 9. HP: 37/54 MP: 0/15
  8723 | D:5      | Killed gw's ghost
  8723 | D:5      | Reached skill level 4 in Spellcasting
  8992 | D:6      | Reached skill level 6 in Fighting
  9069 | D:6      | Got an encrusted quarterstaff
  9070 | D:6      | Identified the cursed +3 quarterstaff of Inquiry {flame, rF+ rC+} (You found it on level 6 of the Dungeon)
  9113 | D:6      | Found a burning altar of Makhleb.
  9113 | D:6      | Noticed a cacodemon
  9228 | D:6      | Identified a potion of resistance
  9473 | D:6      | Gained mutation: You cannot be stealthy. [Ru sacrifice]
  9473 | D:6      | Reduced skill Stealth to level 0
  9805 | D:7      | Reached skill level 8 in Dodging
 10241 | D:7      | Noticed Prince Ribbit
 10261 | D:7      | Killed Prince Ribbit
 10261 | D:7      | Reached skill level 5 in Spellcasting
 10435 | D:7      | Found a staircase to the Ecumenical Temple.
 10444 | D:7      | Reached XP level 10. HP: 61/61 MP: 15/18
 11164 | D:7      | Reached skill level 7 in Fighting
 11510 | D:8      | Reached skill level 9 in Dodging
 11524 | D:8      | Gained mutation: You cannot study or use magical devices. [Ru sacrifice]
 11524 | D:8      | Reached * piety under Ru
 11524 | D:8      | Reached ** piety under Ru
 11524 | D:8      | Reached *** piety under Ru
 11538 | D:8      | Found an ancient bone altar of Kikubaaqudgha.
 11610 | D:8      | Reached skill level 6 in Poison Magic
 11668 | D:8      | Noticed Erolcha
 11834 | D:8      | Killed Erolcha
 11834 | D:8      | Reached skill level 8 in Fighting
 12113 | D:8      | Found a staircase to the Lair.
 12265 | D:8      | Got a twisted quarterstaff
 12266 | D:8      | Identified the +0 quarterstaff of Turmoil {crush, +Fly} (You found it on level 8 of the Dungeon)
 12404 | D:8      | Found a shimmering altar of Xom.
 12408 | D:8      | Found a shimmering altar of Xom.
 12408 | D:8      | Found a shimmering altar of Xom.
 12409 | D:8      | Found a shimmering altar of Xom.
 12409 | D:8      | Found a shimmering altar of Xom.
 12410 | D:8      | Found a shimmering altar of Xom.
 12411 | D:8      | Found a shimmering altar of Xom.
 12854 | Lair:1   | Entered Level 1 of the Lair of Beasts
 12978 | Lair:1   | Reached skill level 10 in Dodging
 13152 | Lair:1   | Learned a level 3 spell: Stone Arrow
 13466 | Lair:1   | Reached XP level 11. HP: 47/69 MP: 19/19
 13475 | Lair:1   | Noticed an eight-headed hydra
 13627 | Lair:1   | Killed an eight-headed hydra
 13627 | Lair:1   | Reached skill level 10 in Conjurations
 13627 | Lair:1   | Reached skill level 7 in Poison Magic
 14190 | Lair:2   | Reached skill level 9 in Fighting
 14646 | Lair:2   | HP: 12/71 [porcupine's spines (10)]
 14646 | Lair:2   | HP: 2/71 [porcupine (10)]
 14712 | Lair:2   | Reached skill level 8 in Poison Magic
 14712 | Lair:2   | HP: 13/71 [poisoned by a black mamba]
 15050 | Lair:2   | HP: 7/71 [spiny frog (24)]
 15120 | Lair:2   | Noticed a six-headed hydra
 15368 | Lair:2   | Reached skill level 11 in Conjurations
 15704 | Lair:2   | Gained mutation: You cannot train Armour skill. [Ru sacrifice]
 15704 | Lair:2   | Reached **** piety under Ru
 15704 | Lair:2   | Reached ***** piety under Ru
 16703 | Lair:3   | Noticed Snorg
 16848 | Lair:3   | Killed Snorg
 16996 | Lair:3   | Reached skill level 10 in Fighting
 17136 | Lair:3   | Reached skill level 6 in Spellcasting
 17146 | Lair:3   | Reached XP level 12. HP: 54/77 MP: 1/22
 17305 | Lair:3   | Reached skill level 12 in Conjurations
 17874 | Lair:3   | Reached skill level 7 in Spellcasting
 18255 | Lair:3   | HP: 15/78 [river rat (4)]
 19360 | Lair:4   | HP: 9/78 [yak (14)]
 19362 | Lair:4   | Reached skill level 8 in Spellcasting
 19968 | Lair:4   | Gained mutation: You are slightly vulnerable to magic. [Ru sacrifice]
 20518 | Lair:3   | Reached skill level 9 in Spellcasting
 20921 | Lair:4   | Noticed Rupert
 20931 | Lair:4   | Paralysed by Rupert for 6 turns
 20933 | Lair:4   | HP: 15/78 [Rupert/battleaxe of electrocution (19)]
 20935 | Lair:4   | HP: 4/78 [water moccasin (8)]
 20936 | Lair:4   | HP: 1/78 [water moccasin (3)]
 20937 | Lair:4   | Killed Rupert
 20937 | Lair:4   | Reached skill level 10 in Spellcasting
 21398 | Lair:4   | Noticed Sonja
 21405 | Lair:4   | Killed Sonja
 22077 | Lair:4   | You fall through a shaft!
 22089 | Lair:5   | Found a staircase to the Swamp.
 22148 | Lair:5   | Noticed a six-headed hydra
 22157 | Lair:5   | Killed a six-headed hydra
 22157 | Lair:5   | Reached XP level 13. HP: 41/83 MP: 4/28
 22721 | Lair:5   | Found a staircase to the Snake Pit.
 22981 | Lair:5   | Gained mutation: You occasionally shout uncontrollably at your foes. [Ru sacrifice]
 22981 | Lair:5   | Reached ****** piety under Ru
 23029 | Lair:5   | Learned a level 4 spell: Iskenderun's Mystic Blast
 23036 | Lair:5   | Learned a level 5 spell: Iskenderun's Battlesphere
 23050 | Lair:5   | Noticed a six-headed hydra
 23055 | Lair:5   | Killed a six-headed hydra
 23055 | Lair:5   | Reached skill level 1 in Charms
 23467 | Lair:6   | Reached skill level 11 in Dodging
 23625 | Lair:6   | Reached skill level 2 in Charms
 23990 | Lair:6   | Reached skill level 3 in Charms
 25072 | Lair:6   | Reached skill level 4 in Charms
 25706 | Lair:6   | Reached skill level 12 in Dodging
 26406 | Lair:7   | Reached skill level 5 in Charms
 26492 | Lair:7   | Reached skill level 13 in Conjurations
 27817 | Lair:7   | Reached skill level 11 in Fighting
 27817 | Lair:7   | Gained mutation: You can fly continuously. [Tengu growth]
 27817 | Lair:7   | Reached XP level 14. HP: 90/90 MP: 4/29
 28101 | Lair:7   | Upgraded the game from 0.17.0-15-g6d90897 to 0.17.0-18-gaab0e96
 28515 | Lair:8   | Entered Level 8 of the Lair of Beasts
 28541 | Lair:8   | Reached skill level 14 in Conjurations
 28582 | Lair:8   | Found a dark tunnel.
 28593 | Volcano  | Entered a volcano
 28908 | Volcano  | Found a radiant altar of Vehumet.
 29245 | Lair:8   | Found a staircase to the Slime Pits.
 29710 | Lair:8   | Reached skill level 15 in Conjurations
 29710 | Lair:8   | Reached skill level 12 in Fighting
 29789 | Lair:8   | HP: 2/92 [death yak (21)]
 30238 | Lair:8   | HP: 7/92 [death yak (26)]
 31102 | Lair:8   | Reached skill level 13 in Dodging
 31265 | Lair:8   | Reached skill level 13 in Fighting
 31417 | Lair:8   | Got a warped brass ring
 31540 | Lair:8   | Identified the ring "Uggicex" {*Confuse rF+ rN+ SInv Stlth+} (You found it on level 8 of the Lair of Beasts)
 31614 | Lair:8   | Reached XP level 15. HP: 98/98 MP: 8/30
 32816 | Lair:2   | Killed a six-headed hydra
 32991 | D:9      | Found an opulent altar of Gozag.
 33718 | D:10     | Entered Level 10 of the Dungeon
 34753 | D:11     | Found a staircase to the Orcish Mines.
 34814 | D:11     | Found a flagged portal.
 34823 | Bailey   | Entered a bailey
 35074 | Bailey   | Reached skill level 14 in Fighting
 35074 | Bailey   | Reached skill level 14 in Dodging
 35074 | Bailey   | Reached XP level 16. HP: 106/106 MP: 31/31
 35811 | D:11     | Noticed Fannar
 35848 | D:11     | Killed Fannar
 36037 | D:11     | Reached skill level 16 in Conjurations
 36061 | D:11     | Learned a level 7 spell: Orb of Destruction
 36763 | Orc:1    | Entered Level 1 of the Orcish Mines
 36853 | Orc:1    | Noticed Nergalle
 36862 | Orc:1    | Killed Nergalle
 37614 | Orc:1    | Noticed Maurice
 37620 | Orc:1    | Killed Maurice
 37924 | Orc:2    | Found a frozen archway.
 37999 | IceCv    | Entered an ice cave
 38110 | IceCv    | Reached skill level 17 in Conjurations
 39311 | Orc:1    | Noticed Gastronok
 39332 | Orc:1    | Killed Gastronok
 39781 | Orc:2    | Reached skill level 18 in Conjurations
 40133 | Orc:2    | Identified a scroll of acquirement
 40197 | Orc:2    | Found a roughly hewn altar of Beogh.
 41146 | Orc:3    | Noticed Josephine
 41152 | Orc:3    | Killed Josephine
 41470 | Orc:3    | Noticed Maud
 41839 | Orc:3    | Killed Maud
 42037 | Orc:4    | Entered Level 4 of the Orcish Mines
 42037 | Orc:4    | Found a staircase to the Elven Halls.
 42462 | Orc:4    | Reached skill level 19 in Conjurations
 42630 | Orc:4    | Reached XP level 17. HP: 99/111 MP: 13/32
 44028 | Orc:4    | Found Seuschoa's Gadget Emporium.
 44028 | Orc:4    | Found Kantef's Distillery.
 44029 | Orc:4    | Found Loubboji's General Store.
 44029 | Orc:4    | Found Xearchor's Food Shoppe.
 44166 | Orc:4    | Bought a potion of mutation for 40 gold pieces
 44891 | D:12     | Reached skill level 20 in Conjurations
 45213 | D:12     | Noticed Psyche
 45219 | D:12     | Killed Psyche
 45948 | D:13     | HP: 14/112 [yak (11)]
 45949 | D:13     | Killed from afar by a gargoyle
